 Dungeon Crawl Stone Soup version 0.29-a0-214-g17f627cfee (webtiles) character file.

Game seed: 12466195624194190936

48 kr3s1m1r the Sneak (level 3, 28/28 HPs)
             Began as a Naga Fire Elementalist on Feb 24, 2022.
             Was an Elder of Jiyva.
             Quit the game on level 3 of the Dungeon.
             The game lasted 00:06:27 (1981 turns).

kr3s1m1r the Sneak (Naga Fire Elementalist)         Turns: 1981, Time: 00:06:27

Health: 28/28      AC:  2    Str: 10    XL:     3   Next: 72%
Magic:  7/7        EV:  9    Int: 17    God:    Jiyva [****..]
Gold:   88         SH:  0    Dex: 11    Spells: 3/6 levels left

rFire   . . .      SeeInvis +   i - +4 dagger
rCold   . . .      Faith    .   (no shield)
rNeg    . . .      Spirit   .   a - +0 robe
rPois   +          Reflect  .   (no helmet)
rElec   .          Harm     .   (no cloak)
rCorr   +          Rampage  .   (no gloves)
Will    .....                   (no barding)
Stlth   ++........              (no amulet)
HPRegen 1.37/turn               (no ring)
MPRegen 0.50/turn               (no ring)

@: very slow
A: AC +1, large, see invisible, deformed body, poison resistance, slowness 2,
spit poison 1, naga tail 1, high MP 1, tendrils, jelly absorbing missiles,
engulf
a: Spit Poison, Renounce Religion, Oozemancy, Slimify


You were on level 3 of the Dungeon.
You worshipped Jiyva.
Jiyva was greatly pleased with you.
You visited 1 branch of the dungeon, and saw 3 of its levels.

You collected 88 gold pieces.

Inventory:

Hand Weapons
 i - a +4 dagger (weapon)
Missiles
 g - 6 poisoned darts
Armour
 a - a +0 robe (worn)
Scrolls
 e - a scroll of enchant weapon {unknown}
 f - a scroll of amnesia {unknown}
Potions
 b - a potion of degeneration {unknown}
 c - 2 potions of mutation {unknown}
 d - a potion of attraction {unknown}
 h - a potion of ambrosia {unknown}


   Skills:
 - Level 1.5 Dodging
 + Level 3.8 Stealth
 + Level 2.4 Spellcasting
 + Level 1.7 Conjurations
 * Level 3.6 Fire Magic


You had 3 spell levels left.
You knew the following spells:

 Your Spells              Type           Power      Damage    Failure   Level
u - Scorch                Fire           28%        2d6       6%          2
z - Foxfire               Conj/Fire      44%        2x1d6     6%          1

Your spell library contained the following spells:

 Spells                   Type           Power      Damage    Failure   Level
 Magic Dart               Conj           28%        1d4       10%         1
 Beastly Appendage        Tmut           4%         N/A       19%         1
 Conjure Flame            Conj/Fire      11%        6-21      19%         3
 Inner Flame              Hex/Fire       8%         N/A       26%         3
 Call Imp                 Summ           2%         N/A       28%         2
 Mephitic Cloud           Conj/Pois/Air  3%         N/A       41%         3
 Flame Wave               Conj/Fire      11%        2d5       52%         4


Dungeon Overview and Level Annotations

Branches:
Dungeon (3/15)

Altars:
Jiyva

Annotations:
D:3 1 runed translucent door, Crazy Yiuf


Innate Abilities, Weirdness & Mutations

Your serpentine skin is tough. (AC +1)
You have supernaturally acute eyesight. (SInv)
Armour fits poorly on your strangely shaped body.
Your system is resistant to poisons. (rPois)
You cover ground very slowly.
You can spit poison.
You have a snake-like lower body.
You have an increased reservoir of magic. (+10% MP)
You are covered in slimy tendrils that may disarm your opponents.
You have a small jelly attached to you that may absorb projectiles.
Your melee attacks may engulf your foes in ooze.


Message History

You are very lightly contaminated with residual magic.
Nothing appears to happen.
The bat hits you. The bat hits you.
Casting: Foxfire (safe; 6% risk of failure)
Confirm with . or Enter, or press ? or * to list all spells.
You conjure some foxfire!
The bat hits you.
The foxfire hits the bat.
The bat is moderately wounded.
The foxfire hits the bat but does no damage.
The bat is moderately wounded.
The bat hits you but does no damage. The bat hits you.
You barely miss the bat. The bat closely misses you.
Casting: Foxfire (safe; 6% risk of failure)
Confirm with . or Enter, or press ? or * to list all spells.
You conjure some foxfire!
The bat hits you but does no damage.
Your magical contamination has completely faded away.
The foxfire hits the bat but does no damage. x2
The bat hits you but does no damage.
Casting: Foxfire (safe; 6% risk of failure)
Confirm with . or Enter, or press ? or * to list all spells.
You conjure some foxfire!
The bat closely misses you.
The foxfire hits the bat.
You kill the bat!
You hear a distant slurping noise.
Your foxfire dissipates!
You hear a slurping noise.
Found a stone staircase leading down.
You swap places.
You hear a distant slurping noise.
You can now turn your foes to slime.
Jiyva gurgles merrily.
Found a mace.
Found a runed translucent door.
You swap places.
You swap places.
You swap places.
Could not explore, unopened runed door.
Could not explore, unopened runed door.
You swap places.
There is a stone staircase leading down here.
Okay, then.
Are you sure you want to abandon this character and quit the game? (Confirm with "yes".)

..# ..# ### ..# #####.# ..#
#.....#### ..# ##.###....# ..#
#..# ####.# ..# ####..#### #.#
######### ..# #........###.##
#.......#
..#######.#..###@..#..###.......#
..........#..# ###.##...........#
...##.....#..# #..........J....#
....#........# #...............#
.............####...............#
...#........J...................#
...#.........####..........##.#.#
...J...#......###........####.#.#
...##.##.......##........## #.#.#


There were no monsters in sight!

Vanquished Creatures
  A gnoll (D:2)
  A worm (D:3)
  An orc (D:3)
  2 endoplasms (D:1)
  2 giant cockroaches
  4 goblins
  4 hobgoblins
  2 quokkas
  5 ball pythons
  A bat (D:3)
  2 frilled lizards
  4 kobolds
  3 rats
32 creatures vanquished.

Vanquished Creatures (others)
  A jelly (D:3)
  2 adders (D:3)
  3 gnolls (D:3)
  3 orcs (D:3)
  A giant cockroach (D:1)
  2 goblins (D:1)
  A quokka (D:1)
  2 bats (D:2)
  2 frilled lizards (D:1)
  5 kobolds
  2 rats
  54 foxfires
  5 fungi
  A plant (D:1)
84 creatures vanquished.

Grand Total: 116 creatures vanquished

Notes
Turn   | Place    | Note
-------+----------+-------------------------------------------
     0 | D:1      | kr3s1m1r the Naga Fire Elementalist began the quest for the
                  | Orb.
     0 | D:1      | Reached XP level 1. HP: 15/15 MP: 3/3
   227 | D:1      | Reached XP level 2. HP: 22/22 MP: 1/5
   231 | D:1      | Learned a level 2 spell: Scorch
   266 | D:1      | Found a faded altar of an unknown god.
   273 | D:1      | Got Plato's Collected Works on Transmutation
   274 | D:1      | Prayed at the altar of an unknown god.
   274 | D:1      | Became a worshipper of Jiyva Jeanynk the Shapeless
   274 | D:1      | Reached * piety under Jiyva
   515 | D:1      | Reached ** piety under Jiyva
  1189 | D:2      | Reached XP level 3. HP: 28/28 MP: 3/6
  1295 | D:2      | Reached *** piety under Jiyva
  1355 | D:2      | Gained mutation: You have a small jelly attached to you
                  | that may absorb projectiles. [Jiyva's grace]
  1355 | D:2      | Gained mutation: Your melee attacks may engulf your foes in
                  | ooze. [Jiyva's grace]
  1355 | D:2      | Gained mutation: You are covered in slimy tendrils that may
                  | disarm your opponents. [Jiyva's grace]
  1355 | D:2      | Gained mutation: You have an increased reservoir of magic.
                  | (+10% MP) [Jiyva's grace]
  1823 | D:3      | Reached **** piety under Jiyva
  1939 | D:3      | Found a runed translucent door.
  1940 | D:3      | Noticed Crazy Yiuf
  1981 | D:3      | Quit the game

Illustrated notes

Levels and vault maps discovered:
D:1:      dpeg_arrival_leaves_temple_mockup, layout_loops_ring,
          shapermc_ecumenical_altar_rom_forum
D:2:      layout_basic, kennysheep_generic_room_8
D:3:      layout_rooms, uniq_crazy_yiuf_cottage

Action                   || total
-------------------------++-------
Melee: Unarmed           ||     2
       Dagger            ||     1
 Cast: Foxfire           ||    35
       Scorch            ||    15
 Abil: Spit Poison       ||     1
Armor: Robe              ||     3
Dodge: Dodged            ||     8

Table legend: (Time is in decaauts)
 A = Elapsed time spent in this place.
 B = Non-inter-level travel time spent in this place.
 C = Inter-level travel time spent in this place.
 D = Time resting spent in this place.
 E = Time spent auto-exploring this place.
 F = Levels seen in this place.
 G = Mean time per level.
                   A        B        C        D        E       F      G
               +--------+--------+--------+--------+--------+-----+--------+
         Total |   2670 |   2413 |    257 |     50 |   2012 |   3 |  890.0 |
       Dungeon |   2670 |   2413 |    257 |     50 |   2012 |   3 |  890.0 |
               +--------+--------+--------+--------+--------+-----+--------+

Top non-repeatable levels by time:
     D:1: 1166 daAuts
     D:2: 946 daAuts
     D:3: 557 daAuts
